 Dungeon Crawl Stone Soup version 0.17-a0-1430-g49fde19 (webtiles) character file.

52 urechis the Twirler (level 3, -4/22 HPs)
             Began as a Tengu Gladiator on June 25, 2015.
             Slain by a giant gecko (5 damage)
             ... on level 2 of the Dungeon.
             The game lasted 00:02:36 (1156 turns).

urechis the Twirler (Tengu Gladiator)               Turns: 1156, Time: 00:02:37

Health: -4/22      AC:  5    Str: 15    XL:     3   Next: 85%
Magic:  13/13      EV: 13    Int:  8    God:
Gold:   103        SH:  0    Dex: 15    Spells: 0 memorised, 2 levels left

rFire  . . .     SeeInvis .     a - +0 quarterstaff
rCold  . . .     Clarity  .     b - +0 leather armour
rNeg   . . .     SustAt   .     (no shield)
rPois  .         Gourm    .     c - +0 hat
rElec  .         Spirit   .     h - +0 cloak
rCorr  .         Warding  .     k - +0 pair of gloves
rMut   .         Stasis   .     (boots unavailable)
MR     .....                    (no amulet)
Stlth  +.........               (no ring)
                                j - ring of magical power

@: not resistant to hostile enchantments, very unstealthy
A: beak, talons 3
a: no special abilities


You were on level 2 of the Dungeon.
You were not hungry.

You visited 1 branch of the dungeon, and saw 2 of its levels.

You collected 103 gold pieces.

Inventory:

Hand weapons
 a - a +0 quarterstaff (weapon)
Missiles
 d - 3 throwing nets (quivered)
Armour
 b - a +0 leather armour (worn)
 c - a +0 hat (worn)
 h - a +0 cloak (worn)
 k - a +0 pair of gloves (worn)
Jewellery
 j - a ring of magical power (left hand)
Magical devices
 m - a wand of slowing (33)
Scrolls
 f - a scroll of amnesia {unknown}
 p - a scroll of identify {unknown}
Potions
 g - a potion of agility {unknown}
 l - a potion of brilliance {unknown}
 n - a potion of magic {unknown}
Comestibles
 e - 2 bread rations
 i - 2 meat rations
 o - a chunk of flesh


   Skills:
 + Level 2.4 Fighting
 + Level 3.8 Staves
 + Level 2.9 Throwing
 + Level 0.7 Armour
 + Level 3.7 Dodging


You had 2 spell levels left.
You didn't know any spells.

Dungeon Overview and Level Annotations

Branches:
Dungeon (2/15)

Altars:


Innate Abilities, Weirdness & Mutations

You have a beak for a mouth.
You have claws for feet.


Message History

The giant gecko bites you but does no damage.
You hit the giant gecko but do no damage.
Your peck misses the giant gecko.
The giant gecko is moderately wounded.
The giant gecko barely misses you.
You closely miss the giant gecko. Your kick misses the giant gecko.
The giant gecko is moderately wounded.
The giant gecko closely misses you. The giant gecko barely misses you.
You hit the giant gecko. Your kick misses the giant gecko.
The giant gecko is heavily wounded.
The giant gecko bites you but does no damage.
You closely miss the giant gecko. Your kick misses the giant gecko.
Your peck misses the giant gecko.
The giant gecko is heavily wounded.
The giant gecko bites you.
* * * LOW HITPOINT WARNING * * *
You barely miss the giant gecko. Your kick misses the giant gecko.
The giant gecko is heavily wounded.
The giant gecko bites you.
You die...

.. #.#.#.# .#.
#.#.#.###### . ..
............ .# .
.###.##........... .#.#
...............#.##.#.#.
........................
........†...####......#.
..#.....<...............
..#..##.#.......@l#...#.
.....##.#......#........
..#.....#...####..#...##
..#..#..#...####..# ..#
..............†...# .#
<##..#..#..#####..# #
.##..#..#†.####.....$
.......................
.....#.....#####..#...#


You could see a giant gecko.

Vanquished Creatures
  An adder (D:2)
  2 oozes
  3 worms (D:2)
  A ball python (D:2)
  3 giant cockroaches
  3 goblins
  3 hobgoblins (D:1)
  5 bats
  A giant newt (D:1)
  2 kobolds
  3 rats (D:1)
27 creatures vanquished.

Notes
Turn   | Place    | Note
--------------------------------------------------------------
     0 | D:1      | urechis the Tengu Gladiator began the quest for the Orb.
     0 | D:1      | Reached XP level 1. HP: 12/12 MP: 2/2
   160 | D:1      | Reached XP level 2. HP: 17/17 MP: 3/3
   964 | D:2      | Reached XP level 3. HP: 19/22 MP: 4/4
  1147 | D:2      | HP: 1/22 [ooze (2)]
  1155 | D:2      | HP: 1/22 [giant gecko (1)]
  1156 | D:2      | Slain by a giant gecko

Vault maps used:
D:1:      scummos_arrival_checkerplants
D:2:      first_bread, item_on_display_a

Action                   || total
-------------------------++-------
Melee: Quarterstaff      ||    79
 Stab: Sleeping          ||     2
  Eat: Chunk             ||     1
